 Dungeon Crawl Stone Soup version 0.23.1-37-gaa34b87 (webtiles) character file.

Game seed: 15500634166951138217

8506 kae the Spear-Bearer (level 11, -2/89 HPs)
             Began as a Merfolk Skald on Mar 20, 2019.
             Was an Elder of Makhleb.
             Slain by a yak (11 damage)
             ... on level 1 of the Lair of Beasts.
             The game lasted 00:19:07 (14534 turns).

kae the Spear-Bearer (Merfolk Skald)               Turns: 14534, Time: 00:19:08

Health: -2/89      AC:  5    Str: 15    XL:     11   Next: 31%
Magic:  0/27       EV: 13    Int: 12    God:    Makhleb [****..]
Gold:   614        SH:  0    Dex: 14    Spells: 9/19 levels left

rFire    . . .     SeeInvis .   a - +1 spear (venom)
rCold    . . .     Gourm    .   (no shield)
rNeg     . . .     Faith    .   E - +0 steam dragon scales
rPois    .         Spirit   +   (no helmet)
rElec    .         Reflect  .   (no cloak)
rCorr    .         Harm     .   (no gloves)
MR       .....                  (no boots)
Stlth    +.........             A - amulet of guardian spirit
HPRegen  0.24/turn              H - +3 ring of slaying
MPRegen  0.20/turn              G - ring of magical power

@: lethally poisoned (-2 -> -4), singing
A: change form in water, swift swim, stealthy swim
a: Minor Destruction, Lesser Servant of Makhleb, Major Destruction, Renounce
Religion


You were on level 1 of the Lair of Beasts.
You worshipped Makhleb.
Makhleb was greatly pleased with you.
You were not hungry.

You visited 3 branches of the dungeon, and saw 12 of its levels.
You also visited: Sewer and Ossuary.

You collected 614 gold pieces.

Inventory:

Hand Weapons
 a - a +1 spear of venom (weapon)
Armour
 b - a +1 leather armour
 z - a +0 chain mail of poison resistance
 E - +0 steam dragon scales (worn)
Jewellery
 c - an uncursed ring of protection from cold
 h - an uncursed ring of see invisible
 i - an uncursed ring of flight
 j - a +3 amulet of reflection
 t - a +2 ring of strength
 x - an uncursed ring of ice
 y - an uncursed ring of ice
 A - an amulet of guardian spirit (around neck)
 C - an uncursed amulet of the acrobat
 G - a ring of magical power (right hand)
 H - a +3 ring of slaying (left hand)
Wands
 p - a wand of clouds (4)
Scrolls
 f - 8 scrolls of teleportation
 g - 2 scrolls of fog
 m - 2 scrolls of magic mapping
 o - 7 scrolls of remove curse
 q - 2 scrolls of enchant armour
 s - 3 scrolls of fear
 w - 5 scrolls of blinking
 F - a scroll of identify
Potions
 e - 2 potions of mutation
 k - 6 potions of degeneration
 l - 2 potions of resistance
 n - a potion of haste
 r - 7 potions of curing
 u - a potion of heal wounds
 v - a potion of brilliance
 B - a potion of cancellation
 D - a potion of agility
Comestibles
 d - 23 rations


   Skills:
 + Level 9.4 Fighting
 + Level 14.5 Polearms
 + Level 3.2 Armour
 - Level 2.6 Dodging
 + Level 4.9 Spellcasting
 + Level 6.4 Charms
 * Level 7.6 Invocations


You had 9 spell levels left.
You knew the following spells:

 Your Spells              Type           Power        Failure   Level  Hunger
a - Infusion              Chrm           ###.         1%          1    None
b - Song of Slaying       Chrm           ###.....     2%          2    ##.....
c - Shroud of Golubria    Chrm/Tloc      ##........   9%          2    ##.....
d - Regeneration          Chrm/Necr      ##........   16%         3    ###....
e - Blink                 Tloc           N/A          30%         2    ##.....

Your spell library contained the following spells:

 Spells                   Type           Power        Failure   Level  Hunger
 Spectral Weapon          Hex/Chrm       ##......     16%         3    ###....
 Magic Dart               Conj           #...         21%         1    None
 Call Imp                 Summ           #.......     30%         2    ##.....
 Slow                     Hex            #.......     30%         2    ##.....
 Conjure Flame            Conj/Fire      #.......     52%         3    ###....
 Mephitic Cloud           Conj/Pois/Air  #.......     52%         3    ###....
 Iskenderun's Battlesphe  Conj/Chrm      ##......     83%         5    ######.
 Bolt of Magma            Conj/Fire/Erth #.........   99%         5    ######.
 Venom Bolt               Conj/Pois      #.........   99%         5    ######.
 Iron Shot                Conj/Erth      #.........   100%        6    #######
 Orb of Destruction       Conj           #.........   100%        7    #######
 Spellforged Servitor     Conj/Summ      #.........   100%        7    #######


Dungeon Overview and Level Annotations

Branches:
Dungeon (10/15)            Temple (1/1) D:5            Lair (1/6) D:10
    Orc (0/2) D:10

Altars:
Ashenzari
Cheibriados
Dithmenos
Elyvilon
Fedhas
Gozag
Hepliaklqana
Kikubaaqudgha
Makhleb
Nemelex Xobeh
Okawaru
Qazlal
Ru
Sif Muna
Trog
Uskayaw
Vehumet
Wu Jian
Xom
Yredelemnul
Zin
The Shining One

Annotations:
D:8 2 transporters, Stabby's ghost, novice SpAs


Message History

* * * LOW HITPOINT WARNING * * *
You see here a water moccasin corpse.
You hit the yak.
The yak is poisoned.
The yak is lightly wounded.
You feel sick.
You hit the yak.
The yak looks even sicker.
The yak is lightly wounded.
The yak gores you.
* * * LOW HITPOINT WARNING * * *
You puncture the yak!
The yak looks as sick as possible!
The yak is heavily wounded.
You puncture the yak!
The yak looks as sick as possible!
The yak is severely wounded.
You feel sick. The yak closely misses you.
You barely miss the yak.
The yak is severely wounded.
You hit the yak.
The yak looks as sick as possible!
The yak is almost dead.
The yak gores you!
You die...

#..................
##..............#..
#..............#.!.
##.............#...
#.................
#.................
#................
##†................
#.@................
##Y........(.......
#.................
#.................
#.................
##................
##......... #....
#.#........ #....
####..........#....


You could see a yak.

Vanquished Creatures
  An elephant (D:10)
  4 blink frogs (Lair:1)
  A hippogriff (D:10)
  A spriggan (D:7)
  A wraith (D:10)
  2 yaks (Lair:1)
  A basilisk (D:10)
  A hungry ghost (D:9)
  A steam dragon (D:10)
  Edmund (D:5)
  2 water moccasins
  5 sky beasts
  6 orc warriors
  An ice beast (D:6)
  A black bear (D:5)
  6 ogres
  4 phantoms
  5 centaurs
  2 crocodiles
  A big kobold (D:10)
  9 bullfrogs
  A scorpion (D:5)
  A water moccasin skeleton (D:4)
  5 wights (D:10)
  3 crimson imps
  2 howler monkeys
  2 jellies
  A centaur zombie (D:7)
  6 hounds
  11 orc wizards
  2 quasits
  4 orc priests
  A bullfrog skeleton (D:9)
  Jessica (D:2)
  7 worker ants
  2 iguanas (D:4)
  A hound zombie (D:10)
  2 human simulacra (D:9)
  A hound skeleton (D:6)
  3 mummies (Ossuary)
  A worker ant zombie (D:7)
  A gnoll (D:1)
  11 adders
  A howler monkey skeleton (D:4)
  2 shadow imps
  12 oozes (Sewer)
  An adder skeleton (D:10)
  5 adder zombies
  3 worms
  A dart slug (D:2)
  16 leopard geckos
  24 orcs
  7 ball pythons
  16 giant cockroaches
  3 gnoll zombies (Ossuary)
  4 goblins
  10 hobgoblins
  7 jackals
  12 kobolds
  4 quokkas
  8 bats
  14 frilled lizards
  4 goblin zombies (Ossuary)
  2 hobgoblin zombies (Ossuary)
  A jackal skeleton (D:5)
  A leopard gecko skeleton (D:4)
  A quokka skeleton (D:6)
  4 quokka zombies (Ossuary)
  4 rats
  2 rat zombies (Ossuary)
294 creatures vanquished.

Vanquished Creatures (collateral kills)
  A two-headed ogre (D:10)
  A wyvern (D:10)
  A crocodile (D:10)
  2 howler monkeys (D:10)
  A jelly (D:10)
  An orc priest (D:10)
  A worker ant (D:10)
  2 orcs (D:10)
10 creatures vanquished.

Vanquished Creatures (others)
  A jelly (D:9)
1 creature vanquished.

Grand Total: 305 creatures vanquished

Notes
Turn   | Place    | Note
-------+----------+-------------------------------------------
     0 | D:1      | kae the Merfolk Skald began the quest for the Orb.
     0 | D:1      | Reached XP level 1. HP: 16/16 MP: 3/3
    36 | D:1      | Reached XP level 2. HP: 12/23 MP: 0/5
   285 | D:1      | Reached skill level 4 in Polearms
   469 | D:1      | Reached XP level 3. HP: 28/28 MP: 1/6
  1218 | D:2      | You fall through a shaft!
  1240 | D:3      | Reached skill level 5 in Polearms
  1439 | D:2      | Noticed Jessica
  1449 | D:2      | Killed Jessica
  1449 | D:2      | Reached XP level 4. HP: 24/35 MP: 7/7
  1879 | D:2      | Reached skill level 6 in Polearms
  2418 | D:3      | Learned a level 2 spell: Song of Slaying
  2421 | D:3      | Learned a level 2 spell: Shroud of Golubria
  2609 | D:3      | Reached XP level 5. HP: 39/41 MP: 5/8
  2756 | D:3      | Reached skill level 7 in Polearms
  3169 | D:4      | Reached XP level 6. HP: 16/48 MP: 4/9
  3578 | D:4      | Reached skill level 8 in Polearms
  4123 | D:5      | Entered Level 5 of the Dungeon
  4367 | D:5      | Reached skill level 5 in Fighting
  4367 | D:5      | Reached skill level 9 in Polearms
  4367 | D:5      | Reached XP level 7. HP: 56/56 MP: 5/10
  4429 | D:5      | Found a hazy altar of Hepliaklqana.
  5146 | D:5      | Found a hide-covered altar of Uskayaw.
  5173 | D:5      | Reached skill level 10 in Polearms
  5321 | D:5      | Found a staircase to the Ecumenical Temple.
  5324 | D:5      | Noticed Edmund
  5360 | D:5      | Killed Edmund
  5360 | D:5      | Reached XP level 8. HP: 30/64 MP: 1/11
  5541 | Temple   | Entered the Ecumenical Temple
  5752 | Temple   | Became a worshipper of Makhleb the Destroyer
  6104 | D:6      | Reached skill level 11 in Polearms
  6142 | D:6      | Found a glowing drain.
  6232 | Sewer    | Entered a sewer
  6587 | Sewer    | Reached * piety under Makhleb
  7019 | D:6      | Reached skill level 12 in Polearms
  7234 | D:6      | Reached XP level 9. HP: 68/72 MP: 5/12
  7319 | D:6      | Reached skill level 13 in Polearms
  7378 | D:6      | Found a white marble altar of Elyvilon.
  7378 | D:6      | Found a glowing golden altar of the Shining One.
  7392 | D:6      | Found a sparkling altar of Nemelex Xobeh.
  7393 | D:6      | Found a deep blue altar of Sif Muna.
  7393 | D:6      | Found a sacrificial altar of Ru.
  7393 | D:6      | Found a shadowy altar of Dithmenos.
  7394 | D:6      | Found an iron altar of Okawaru.
  7532 | D:7      | Reached ** piety under Makhleb
  7555 | D:7      | Reached skill level 1 in Invocations
  8486 | D:8      | Found a transporter.
  8489 | D:8      | Noticed Stabby's ghost (novice SpAs)
  8496 | D:8      | Noticed a red ugly thing
  8531 | D:8      | Found a sand-covered staircase.
  8603 | Ossuary  | Entered an ossuary
  9363 | D:8      | Found a transporter.
  9463 | D:8      | Reached skill level 1 in Armour
 10043 | D:9      | Reached XP level 10. HP: 80/80 MP: 10/14
 10302 | D:9      | Reached *** piety under Makhleb
 10686 | D:9      | Reached skill level 5 in Invocations
 10848 | D:10     | Entered Level 10 of the Dungeon
 10860 | D:10     | Reached skill level 5 in Charms
 11474 | D:10     | Found a staircase to the Orcish Mines.
 11536 | D:10     | Reached skill level 14 in Polearms
 11556 | D:10     | Noticed a two-headed ogre
 11572 | D:10     | Killed a two-headed ogre
 12566 | D:10     | Learned a level 3 spell: Regeneration
 12569 | D:10     | Learned a level 2 spell: Blink
 12739 | D:10     | Found a staircase to the Lair.
 12815 | D:10     | Reached XP level 11. HP: 16/89 MP: 0/17
 13248 | D:10     | Reached **** piety under Makhleb
 13320 | D:10     | Found a shimmering altar of Xom.
 13820 | Lair:1   | Entered Level 1 of the Lair of Beasts
 14534 | Lair:1   | Slain by a yak

Skill      XL: |  1  2  3  4  5  6  7  8  9 10 11 |
---------------+----------------------------------+-----
Polearms       | 4 5 6 7 9 10 12 13 14 | 14.5
Fighting       | 3 4 5 7 8 9 |  9.4
Invocations    | 4 6 7 |  7.6
Charms         | 4 5 6 |  6.4
Armour         | 1 2 3 |  3.2
Spellcasting   | 3 4 |  4.9
Dodging        | |  2.6

Action                   |  1- 3 |  4- 6 |  7- 9 | 10-12 || total
-------------------------+-------+-------+-------+-------++-------
Melee: Spear             |   116 |   190 |   735 |   562 ||  1603
 Cast: Infusion          |    10 |    14 |    27 |    19 ||    70
       Shroud of Golubri |       |       |     2 |     9 ||    11
       Song of Slaying   |       |       |       |     4 ||     4
Invok: Lesser Servant of |       |       |       |     3 ||     3
  Use: Scroll            |       |    10 |    11 |     3 ||    24
       Potion            |       |       |     5 |     1 ||     6
 Stab: Sleeping          |     1 |       |       |       ||     1
       Distracted        |       |       |       |     2 ||     2
  Eat: Chunk             |     2 |    10 |    19 |    16 ||    47
Armor: Leather armour    |    23 |    23 |    48 |       ||    94
       Chain mail        |       |       |    43 |    47 ||    90
       Steam dragon scal |       |       |       |    28 ||    28
Dodge: Dodged            |    52 |    78 |   144 |   148 ||   422
Block: Other             |       |     7 |    29 |    31 ||    67
       Reflection        |       |       |       |     1 ||     1
